 Dungeon Crawl Stone Soup version 0.31-a0-232-gb1c03b2570 (webtiles) character file.

Game seed: 8473077884318284217

1071 qw the Skirmisher (level 8, -4/68 HPs)
             Began as a Minotaur Hexslinger on July 7, 2023.
             Slain by a wight
             ... wielding a +0 long sword
              (6 damage)
             ... on level 6 of the Dungeon.
             The game lasted 00:01:40 (3691 turns).

qw the Skirmisher (Minotaur Hexslinger)             Turns: 3691, Time: 00:01:40

Health: -4/68      AC:  6    Str: 13    XL:     8   Next: 7%
Magic:  8/8        EV: 16    Int: 10    God:
Gold:   15         SH:  0    Dex: 15    Spells: 8/9 levels left

rFire   . . .        Y - +0 orcbow
rCold   . . .        (shield currently unavailable)
rNeg    + . .        g - +0 ring mail
rPois   .            f - +1 hat
rElec   .            (no cloak)
rCorr   .            (no gloves)
SInv    .            (no boots)
Will    .....        e - amulet of regeneration
Stlth   +            d - +5 ring of evasion
HPRegen 1.11/turn    c - ring of positive energy
MPRegen 0.11/turn

%: no passive effects
@: no status effects
A: horns 2, retaliatory headbutt
a: no special abilities


You were on level 6 of the Dungeon.
You visited 1 branch of the dungeon, and saw 6 of its levels.

You collected 406 gold pieces.
You spent 391 gold pieces at shops.


Innate Abilities, Weirdness & Mutations

You have a pair of horns on your head.
You reflexively headbutt those who attack you in melee.


   Skills:
 - Level 5.1 Fighting
 - Level 9.0 Ranged Weapons
 - Level 2.3 Armour
 + Level 2.8 Dodging
 - Level 1.0 Spellcasting
 - Level 2.0 Hexes


You had 8 spell levels left.
You knew the following spells:

 Your Spells              Type           Power      Damage    Failure   Level
a - Slow                  Hex            16%        N/A       32%         1

Your spell library contained the following spells:

 Spells                   Type           Power      Damage    Failure   Level
 Inner Flame              Hex/Fire       2%         N/A       82%         3
 Portal Projectile        Hex/Tloc       4%         N/A       82%         3
 Cause Fear               Hex            2%         N/A       97%         4

Inventory:

Hand Weapons
 Y - a +0 orcbow (weapon)
Armour
 f - a +1 hat (worn)
 g - a +0 ring mail (worn)
Jewellery
 a - the ring "Tesiass" {rPois rCorr}
   (You bought it in a shop on level 6 of the Dungeon)

   [ring of poison resistance]

   rPois:     It protects you from poison.
   rCorr:     It protects you from acid and corrosion.
 c - a ring of positive energy (right hand)
 d - a +5 ring of evasion (left hand)
 e - an amulet of regeneration (around neck)
Scrolls
 i - a scroll of identify
Potions
 h - a potion of curing
 j - a potion of might

Dungeon Overview and Level Annotations

Branches:
Dungeon (6/15)
 Temple: D:4-7

Altars:
Kikubaaqudgha
Makhleb
Trog

Shops:
D:6 =


Message History

The wight freezes you. The gnoll barely misses you.
You shoot an arrow. The arrow misses the wight.
The gnoll hits you from afar with a +0 spear.
The wight closely misses you. The wight misses you. You furiously retaliate!
You headbutt the wight!
You destroy the wight!
Your Armour skill increases to level 2!
You have reached level 8!
You feel agile.
You shoot an arrow.
The arrow hits the wight but does no damage.
The gnoll completely misses you. The wight misses you.
You shoot an arrow. The arrow closely misses the wight.
The gnoll hits you but does no damage. The wight barely misses you.
The wight misses you. You furiously retaliate!
You headbutt the wight. The gnoll closely misses you.
You shoot an arrow. The arrow closely misses the wight.
The wight hits you with a +0 scimitar.
The wight hits you with a +0 long sword.
You partially resist.
You feel drained. The gnoll closely misses you.
You shoot an arrow. The arrow barely misses the wight.
The wight barely misses you. You furiously retaliate!
You headbutt the wight. The wight closely misses you.
The gnoll completely misses you.
You shoot an arrow. The arrow barely misses the wight.
The gnoll hits you from afar with a +0 spear.
The wight barely misses you. You furiously retaliate!
You headbutt the wight.
You destroy the wight!
The wight misses you.
Your life force feels restored.
You shoot an arrow. The arrow hits the wight.
The wight is lightly damaged.
The gnoll hits you but does no damage. The wight closely misses you.
You shoot an arrow. The arrow hits the wight.
The wight is heavily damaged.
The gnoll misses you. The wight misses you. You furiously retaliate!
You headbutt the wight. You shoot an arrow. The arrow hits the wight.
The wight is almost destroyed.
The gnoll hits you from afar with a +0 spear.
The wight hits you with a +0 long sword.
You die...

...# #..####
####.###..##.######
#.........##.......
#.##.##...##.#####.
##.##.##...##.#####.
#...#.##......#.....
##............#.###.
#.....#.....#.#.###.
##.@###......)..)...
#.)z........#.#.####
#%g.............# #
........#....#.### #
.)..#.#..#....).. #
..#...#.#..#..#....
. .........#..#....
............ ......


You could see a wight and a gnoll.

Vanquished Creatures
  An ice beast (D:5)
  A sky beast (D:6)
  A centaur (D:5)
  A kobold brigand (D:6)
  2 scorpions (D:5)
  2 wights (D:6)
  3 hounds
  An orc priest (D:5)
  An orc wizard (D:5)
  2 sleepcaps
  Natasha (thrice) (D:3)
  3 gnolls (D:6)
  10 adders
  An ufetubus (D:5)
  4 worms
  A dart slug (D:2)
  6 orcs (D:5)
  7 ball pythons
  4 bats
  8 endoplasms
  2 giant cockroaches
  5 goblins
  5 hobgoblins
  4 jackals (D:1)
  10 quokkas
  10 kobolds
  3 rats
101 creatures vanquished.

Vanquished Creatures (others)
  A human (D:4)
1 creature vanquished.

Grand Total: 102 creatures vanquished

Notes
Turn   | Place    | Note
-------+----------+-------------------------------------------
     0 | D:1      | qw the Minotaur Hexslinger began the quest for the Orb.
     0 | D:1      | Reached XP level 1. HP: 16/16 MP: 1/1
     0 | D:1      | 0 ||| qw: Version: 0.3-a-46-gb1f654a
     0 | D:1      | 0 ||| qw: Game counter: 2737
     0 | D:1      | 0 ||| qw: Melee chars always use a shield: true
     0 | D:1      | 0 ||| qw: God list: Okawaru
     0 | D:1      | 0 ||| qw: Allow faded altars: false
     0 | D:1      | 0 ||| qw: Do Orc after clearing Dungeon:15 true
     0 | D:1      | 0 ||| qw: Do second Lair branch before Depths: true
     0 | D:1      | 0 ||| qw: Lair rune preference: random
     0 | D:1      | 0 ||| qw: Goals: Normal
     0 | D:1      | 0 ||| PLANNING D:1-11
    74 | D:1      | Reached skill level 3 in Ranged Weapons
    74 | D:1      | Reached XP level 2. HP: 16/23 MP: 2/2
   601 | D:1      | Reached XP level 3. HP: 29/29 MP: 3/3
   794 | D:1      | 794 ||| UPGRADING to +1 hat.
   799 | D:1      | 799 ||| UPGRADING to +0 ring mail.
   809 | D:1      | 809 ||| DROPPING +0 robe.
   810 | D:1      | 810 ||| UPGRADING to amulet of regeneration.
   815 | D:1      | 815 ||| UPGRADING to +5 ring of evasion.
   816 | D:1      | 816 ||| READING scroll labelled UPIRIK YDUAPHA.
   817 | D:1      | 817 ||| DROPPING scroll of poison.
   896 | D:2      | Reached skill level 4 in Ranged Weapons
  1015 | D:2      | Reached skill level 1 in Armour
  1146 | D:2      | 1146 ||| FLEEEEING.
  1306 | D:2      | Reached XP level 4. HP: 36/36 MP: 4/4
  1384 | D:2      | 1384 ||| UPGRADING to ring of positive energy.
  1385 | D:2      | 1385 ||| READING scroll labelled ISYSHU ACAC.
  1389 | D:2      | 1389 ||| DRINKING 3 green potions.
  1390 | D:2      | 1390 ||| DROPPING 2 potions of degeneration.
  1414 | D:3      | Found a bloodstained altar of Trog.
  1487 | D:3      | 1487 ||| DROPPING ring of flight.
  1592 | D:3      | Noticed Natasha
  1600 | D:3      | Killed Natasha
  1636 | D:3      | Noticed Natasha
  1647 | D:3      | Killed Natasha
  1648 | D:3      | Reached skill level 5 in Ranged Weapons
  1931 | D:3      | Noticed Natasha
  1942 | D:3      | Killed Natasha
  1943 | D:3      | Reached XP level 5. HP: 42/44 MP: 5/5
  2116 | D:3      | 2116 ||| READING scroll labelled YRAORE FACE.
  2117 | D:3      | 2117 ||| READING scroll labelled XASIXY DALAI.
  2118 | D:3      | 2118 ||| READING scroll labelled TOLETT NONO.
  2156 | D:4      | Reached skill level 3 in Fighting
  2344 | D:4      | Found a burning altar of Makhleb.
  2450 | D:4      | Found an ancient bone altar of Kikubaaqudgha.
  2450 | D:4      | Noticed a human
  2453 | D:4      | Killed a human
  2547 | D:4      | 2547 ||| DROPPING amulet of the acrobat.
  2548 | D:4      | 2548 ||| DRINKING 2 fuming pink potions.
  2549 | D:4      | 2549 ||| DROPPING potion of attraction.
  2556 | D:5      | Entered Level 5 of the Dungeon
  2578 | D:5      | Reached skill level 6 in Ranged Weapons
  2668 | D:5      | Noticed a centaur
  2678 | D:5      | HP: 10/46 [centaur/arrow (7)]
  2679 | D:5      | 2679 ||| READING scroll of teleportation.
  2680 | D:5      | 2680 ||| DRINKING potion of heal wounds.
  2682 | D:5      | Killed a centaur
  2683 | D:5      | Reached XP level 6. HP: 46/53 MP: 6/6
  2703 | D:5      | 2703 ||| SWAPPING to +0 orcbow.
  2704 | D:5      | 2704 ||| DROPPING +1 sling.
  2801 | D:5      | Noticed an ice beast
  2812 | D:5      | Killed an ice beast
  2813 | D:5      | Reached skill level 7 in Ranged Weapons
  2852 | D:5      | Reached XP level 7. HP: 60/60 MP: 7/7
  3064 | D:5      | Reached skill level 8 in Ranged Weapons
  3367 | D:5      | 3367 ||| READING scroll labelled HOIPOW ICAQER.
  3468 | D:5      | 3468 ||| DRINKING 2 golden potions.
  3469 | D:5      | 3469 ||| READING 3 scrolls of identify.
  3469 | D:5      | 3469 ||| IDENTIFYING glowing sapphire potion
  3470 | D:5      | 3470 ||| READING 2 scrolls of identify.
  3470 | D:5      | 3470 ||| IDENTIFYING murky brown potion
  3471 | D:5      | 3471 ||| DROPPING potion of brilliance.
  3551 | D:6      | Found Woovoduu's Jewellery Shop.
  3555 | D:6      | 3555 ||| SHOPLISTING +4 ring of protection (432 gold, have
                  | 404).
  3555 | D:6      | 3555 ||| BUYING ring "Tesiass" {rPois rCorr} (391 gold).
  3555 | D:6      | Bought the ring "Tesiass" {rPois rCorr} for 391 gold pieces
  3555 | D:6      | 3555 ||| SHOPLISTING ring of see invisible (180 gold, have
                  | 13).
  3555 | D:6      | 3555 ||| SHOPLISTING ring of the Shining Light {rF+ Str+4
                  | Dex+3} (560 gold, have 13).
  3672 | D:6      | Reached skill level 9 in Ranged Weapons
  3681 | D:6      | HP: 14/60 [wight/+2 flail of freezing (7)]
  3684 | D:6      | Reached XP level 8. HP: 8/67 MP: 8/8
  3686 | D:6      | HP: 7/67 [wight/+0 scimitar (5)]
  3686 | D:6      | HP: 1/67 [wight/+0 long sword (6)]
  3691 | D:6      | HP: 2/68 [gnoll/+0 spear (4)]
  3691 | D:6      | Slain by a wight

Levels and vault maps discovered:
D:1:      dpeg_arrival_subterranean_lakeside_camping, layout_basic,
          hangedman_decor_opposing
D:2:      layout_basic, serial_curves, eino_curves_03, eino_curves_03,
          st_stairs_5
D:3:      layout_basic, amcnicky_altar_gilded, kennysheep_generic_room_3,
          uniq_natasha
D:4:      layout_rooms, tgw_kikubaaqudgha, kennysheep_mini
D:5:      layout_loops_cross, minmay_between
D:6:      cheibrodos_thug_alley, layout_basic, nicolae_overflow_hidden_temple,
          minmay_temple_entry_hall, serial_shops, shop,
          nicolae_shop_pleasant_corner_grove, nicolae_book_shop_shelving,
          minmay_manual_monolith, uniq_duvessa, uniq_maggie

Skill      XL: |  1  2  3  4  5  6  7 |
---------------+----------------------+-----
Ranged Weapons | 3 4 5 6 7 9 |  9.0
Fighting       | 2 4 5 |  5.1
Armour         | 1 2 |  2.3
Dodging        | |  2.8
Spellcasting   | |  1.0
Hexes          | |  2.0

Action                     |  1- 3 |  4- 6 |  7- 9 || total
---------------------------+-------+-------+-------++-------
   Fire: Sling             |   135 |   136 |       ||   271
         Orcbow            |       |    19 |   107 ||   126
    Use: Scroll            |     1 |     5 |     3 ||     9
         Potion            |       |     3 |     1 ||     4
 Armour: Robe              |     8 |       |       ||     8
         Ring mail         |     6 |    23 |    13 ||    42
  Dodge: Dodged            |    44 |    97 |    85 ||   226

Table legend:
 A = Non-vault XP
 B = Vault XP
 C = Vault XP percentage of total XP
 D = Non-vault monster count
 E = Vault monster count
 F = Vault count percentage of total count
                 A         B        C        D         E       F
            +---------+---------+-------+---------+---------+-------
      Total |    1303 |     228 |  14.9 |      88 |      13 |  12.9
            +---------+---------+-------+---------+---------+-------
        D:1 |      40 |       9 |  18.4 |      21 |       6 |  22.2
        D:2 |      46 |       3 |   6.1 |      16 |       2 |  11.1
        D:3 |      94 |      38 |  28.8 |       8 |       2 |  20.0
        D:4 |      99 |       0 |   0.0 |      13 |       0 |   0.0
        D:5 |     543 |     178 |  24.7 |      19 |       3 |  13.6
        D:6 |     481 |       0 |   0.0 |      11 |       0 |   0.0
            +---------+---------+-------+---------+---------+-------
